 Dungeon Crawl Stone Soup version 0.29-a0-299-g4c793a2ed2 (webtiles) character file.

Game seed: 16171947155528360126

11459 Dabor the Destroyer (level 11, -8/54 HPs)
             Began as a Deep Elf Conjurer on Mar 24, 2022.
             Was an Elder of Vehumet.
             Mangled by a boulder beetle (51 damage)
             ... on level 2 of the Lair of Beasts.
             The game lasted 00:43:54 (14346 turns).

Dabor the Destroyer (Deep Elf Conjurer)            Turns: 14346, Time: 00:43:55

Health: -8/54      AC:  4    Str:  4    XL:     11   Next: 49%
Magic:  20/27      EV: 16    Int: 28    God:    Vehumet [****..]
Gold:   283        SH:  0    Dex: 13    Spells: 11/30 levels left

rFire   . . .      SeeInvis .   y - staff of conjuration
rCold   + . .      Faith    .   (no shield)
rNeg    + . .      Spirit   .   j - +2 robe {rN+}
rPois   +          Reflect  .   (no helmet)
rElec   .          Harm     +   F - scarf {harm}
rCorr   .          Rampage  .   (no gloves)
Will    +....                   (no boots)
Stlth   +++.......              (no amulet)
HPRegen 0.18/turn               s - ring of protection from cold
MPRegen 0.20/turn               h - ring of wizardry

@: no status effects
A: deterioration 1, poison resistance
a: Renounce Religion


You were on level 2 of the Lair of Beasts.
You worshipped Vehumet.
Vehumet was greatly pleased with you.
You visited 2 branches of the dungeon, and saw 10 of its levels.
You also visited: Ossuary and Bailey.

You collected 563 gold pieces.
You spent 280 gold pieces at shops.

Inventory:

Hand Weapons
 k - a +3 dagger of protection
Missiles
 E - 2 throwing nets
Armour
 j - a +2 robe of positive energy (worn)
 F - a scarf of harm (worn)
Magical Staves
 y - a staff of conjuration (weapon)
Jewellery
 h - a ring of wizardry (right hand)
 o - a ring of poison resistance
 s - a ring of protection from cold (left hand)
 v - a ring of flight
 H - a ring of positive energy
Wands
 t - a wand of polymorph (5)
 u - a wand of acid (8)
 D - a wand of digging (1)
Scrolls
 d - 4 scrolls of fog
 g - 5 scrolls of teleportation
 m - 2 scrolls of enchant weapon
 n - a scroll of enchant armour
 q - a scroll of brand weapon
 r - a scroll of magic mapping
 x - a scroll of blinking
Potions
 a - a potion of degeneration {unknown}
 b - a potion of mutation
 c - 3 potions of flight
 e - a potion of heal wounds
 f - 5 potions of curing
 i - 3 potions of might {unknown}
 l - 2 potions of ambrosia {unknown}
 p - 2 potions of lignification {unknown}
 w - 2 potions of invisibility
 z - a potion of haste
 A - a potion of resistance
 B - a potion of magic
 C - 2 potions of brilliance {unknown}


   Skills:
 + Level 9.5 Dodging
 - Level 5.0 Stealth
 + Level 10.4 Spellcasting
 + Level 11.6 Conjurations
 + Level 6.9 Hexes
 + Level 3.9 Transmutations
 + Level 5.1 Ice Magic
 + Level 4.9 Air Magic
 + Level 3.7 Earth Magic
 - Level 3.0 Evocations


You had 11 spell levels left.
You knew the following spells:

 Your Spells              Type           Power      Damage    Failure   Level
a - Magic Dart            Conj           100%       1d8       1%          1
b - Searing Ray           Conj           100%       2d8       1%          2
c - Fulminant Prism       Conj/Hex       39%        3d18      1%          4
d - Frozen Ramparts       Ice            86%        1d10      1%          3
e - Freezing Cloud        Conj/Ice/Air   35%        6-21      1%          5
f - Flame Wave            Conj/Fire      63%        2d12      1%          4

Your spell library contained the following spells:

 Spells                   Type           Power      Damage    Failure   Level
 Dazzling Flash           Conj/Hex       100%       N/A       1%          3
 Ignite Poison            Fire/Tmut/Pois 22%        N/A       1%          3
 Mephitic Cloud           Conj/Pois/Air  62%        N/A       1%          3
 Portal Projectile        Hex/Tloc       68%        N/A       1%          3
 Iskenderun's Mystic Bla  Conj/Tloc      63%        2d13      1%          4
 Leda's Liquefaction      Hex/Erth       22%        N/A       1%          4
 Lee's Rapid Deconstruct  Erth           17%        3d12*     2%          5
 Blade Hands              Tmut           18%        N/A       9%          5
 Excruciating Wounds      Necr           7%         N/A       38%         5
 Statue Form              Tmut/Erth      24%        N/A       43%         6


Dungeon Overview and Level Annotations

Branches:
Dungeon (8/15)             Temple (0/1) D:6            Lair (2/6) D:8
Ossuary (visited)          Bailey (visited)
  Swamp: Lair:2-4    Shoals: Lair:2-4     Snake: Lair:2-4    Spider: Lair:2-4

Altars:
Vehumet
Zin

Shops:
D:6 (:


Innate Abilities, Weirdness & Mutations

Your body sometimes deteriorates upon taking damage.
Your system is resistant to poisons. (rPois)


Message History

Casting: Fulminant Prism (safe; 1% risk of failure)
Confirm with . or Enter, or press ? or * to list all spells.
Aiming: Fulminant Prism (safe; 1% risk of failure)
Press: ? - help, Dir - move target You feel a surge of power!
You conjure a prism of explosive energy!
A fulminant prism comes into view.
Your fulminant prism crackles loudly.
The boulder beetle curls into a ball and begins rolling!
Your fulminant prism explodes!
The blast of energy engulfs the boulder beetle!
The boulder beetle is moderately wounded.
Magic courses through your body.
Casting: Fulminant Prism (safe; 1% risk of failure)
Confirm with . or Enter, or press ? or * to list all spells.
Aiming: Fulminant Prism (safe; 1% risk of failure)
Press: ? - help, Dir - move target You feel a surge of power!
You conjure a prism of explosive energy!
A fulminant prism comes into view.
Aiming: Corrosive Bolt
Press: ? - help, Shift-Dir - straight line, f - boulder beetle
Aim: a boulder beetle (lightly wounded, rolling, ally target, 100% to hit)
The bolt of acid hits the boulder beetle but does no damage.
The boulder beetle is lightly wounded.
Your fulminant prism crackles loudly.
Casting: Fulminant Prism (safe; 1% risk of failure)
Confirm with . or Enter, or press ? or * to list all spells.
Okay, then.
Unknown command.
Casting: Fulminant Prism (safe; 1% risk of failure)
Confirm with . or Enter, or press ? or * to list all spells.
Aiming: Fulminant Prism (safe; 1% risk of failure)
Press: ? - help, Dir - move target, p - boulder beetle You feel a surge of power!
You conjure a prism of explosive energy!
A fulminant prism comes into view.
The boulder beetle hits you!!!
Ouch! That really hurt!
You die...

#......#.###.....#.###+#.###...##
.^..............#.##.#.###.#...##
.................................
.................................
..............[..................
.............°*..................
.#............°..................
.#............(B..P########....P#
#.P#..#..####..@.####.####...P..
#.#.#..##*.....#.....#....P..
#.............##.....##...#..
.......P#....+......##......
...........#..........P..
.....#....##......#...P..
..........###.PP#........
...#....P######P.......
#..#................#..


You could see a boulder beetle (rolling, ally target) and 2 friendly fulminant
prisms.

Vanquished Creatures
  A hydra (Lair:2)
  Urug (Lair:1)
  An orc knight (Bailey)
  Pikel (D:5)
  3 black mambas
  3 cane toads (Lair:1)
  A rime drake (Lair:1)
  2 komodo dragons
  A vampire (D:5)
  3 wyverns
  A basilisk (Lair:1)
  5 yaks (Lair:2)
  Duvessa (D:7)
  14 water moccasins
  An orc warrior (D:7)
  An ice beast (D:5)
  3 sky beasts
  A black bear (D:8)
  2 centaurs
  2 ogres
  2 lemures (D:5)
  A phantom (D:5)
  3 bullfrogs
  Blork the orc (D:6)
  11 scorpions
  Dowan (D:7)
  5 killer bees (D:8)
  3 howler monkeys
  4 centaur zombies (Ossuary)
  5 jellies
  3 hounds
  3 orc priests
  2 gnoll shamans
  Natasha (thrice) (D:3)
  3 iguanas
  5 scorpion zombies (Ossuary)
  8 orc wizards
  3 mummies (Ossuary)
  23 gnolls
  5 adders
  2 shadow imps (D:8)
  2 white imps (D:7)
  4 ufetubi
  5 worms
  4 dart slugs
  33 orcs
  6 endoplasms
  3 giant cockroaches
  2 gnoll zombies (Ossuary)
  13 goblins
  12 hobgoblins
  4 kobolds
  2 quokkas
  4 ball pythons
  5 bats
  4 frilled lizards
  2 goblin zombies (Ossuary)
  6 hobgoblin zombies (Ossuary)
  A kobold zombie (Ossuary)
  An orc zombie (Ossuary)
  7 rats
264 creatures vanquished.

Vanquished Creatures (others)
  94 fulminant prisms
  11 fungi
  29 plants
134 creatures vanquished.

Grand Total: 398 creatures vanquished

Notes
Turn   | Place    | Note
-------+----------+-------------------------------------------
     0 | D:1      | Dabor the Deep Elf Conjurer began the quest for the Orb.
     0 | D:1      | Reached XP level 1. HP: 10/10 MP: 6/6
   114 | D:1      | Found a faded altar of an unknown god.
   278 | D:1      | Reached XP level 2. HP: 15/15 MP: 5/8
   970 | D:1      | Prayed at the altar of an unknown god.
   970 | D:1      | Became a worshipper of Vehumet
   970 | D:1      | Reached * piety under Vehumet
   970 | D:1      | Offered knowledge of Sandblast by Vehumet.
  1269 | D:2      | Reached XP level 3. HP: 19/19 MP: 0/10
  1904 | D:2      | Reached XP level 4. HP: 24/24 MP: 9/11
  1907 | D:2      | Learned a level 2 spell: Searing Ray
  2628 | D:3      | Reached skill level 5 in Conjurations
  2643 | D:3      | Reached ** piety under Vehumet
  2643 | D:3      | Offered knowledge of Scorch by Vehumet.
  3253 | D:3      | Noticed Natasha
  3259 | D:3      | Killed Natasha
  3260 | D:3      | Reached XP level 5. HP: 25/28 MP: 5/13
  3336 | D:3      | Noticed Natasha
  3342 | D:3      | Killed Natasha
  3410 | D:3      | Noticed Natasha
  3414 | D:3      | Killed Natasha
  3768 | D:4      | Reached XP level 6. HP: 32/32 MP: 10/15
  4353 | D:4      | Reached skill level 5 in Spellcasting
  4430 | D:4      | Reached skill level 5 in Stealth
  4648 | D:5      | Entered Level 5 of the Dungeon
  4741 | D:5      | Reached skill level 1 in Hexes
  4746 | D:5      | Noticed an ice beast
  4769 | D:5      | Found a sand-covered staircase.
  4773 | Ossuary  | Entered an ossuary
  4812 | Ossuary  | Reached skill level 6 in Conjurations
  4812 | Ossuary  | Reached skill level 1 in Evocations
  4812 | Ossuary  | Reached XP level 7. HP: 36/36 MP: 6/17
  4909 | Ossuary  | Learned a level 4 spell: Fulminant Prism
  4933 | Ossuary  | Offered knowledge of Inner Flame by Vehumet.
  5035 | Ossuary  | Reached skill level 5 in Dodging
  5658 | Ossuary  | Reached *** piety under Vehumet
  5663 | Ossuary  | Reached skill level 7 in Conjurations
  5663 | Ossuary  | Reached XP level 8. HP: 29/41 MP: 5/19
  6479 | D:5      | Offered knowledge of Frozen Ramparts by Vehumet.
  6646 | D:5      | Reached skill level 8 in Conjurations
  6922 | D:5      | Noticed Pikel
  6940 | D:5      | Killed Pikel
  6941 | D:5      | Reached skill level 5 in Hexes
  6941 | D:5      | Reached XP level 9. HP: 21/45 MP: 8/22
  6976 | D:5      | Reached skill level 9 in Conjurations
  8322 | D:6      | Found a staircase to the Ecumenical Temple.
  8362 | D:6      | Noticed Blork the orc
  8367 | D:6      | Killed Blork the orc
  8713 | D:6      | Found Offisu's Antique Weapon Emporium.
  8799 | D:6      | Found a glowing silver altar of Zin.
  8854 | D:6      | Found Efremusm's Book Boutique.
  8862 | D:6      | Bought a Trismegistus Codex for 280 gold pieces
  8866 | D:6      | Learned a level 3 spell: Frozen Ramparts
  8872 | D:6      | Learned a level 5 spell: Freezing Cloud
  9162 | D:7      | Reached skill level 1 in Ice Magic
  9164 | D:7      | Reached **** piety under Vehumet
  9174 | D:7      | Found a flagged portal.
  9242 | Bailey   | Entered a bailey
  9323 | Bailey   | Reached skill level 1 in Air Magic
  9460 | Bailey   | Offered knowledge of Sticky Flame by Vehumet.
  9631 | Bailey   | Noticed an orc knight
  9742 | Bailey   | Reached skill level 10 in Conjurations
  9752 | Bailey   | Killed an orc knight
 10065 | D:7      | Acquired a staff of conjuration
 10204 | D:7      | Reached XP level 10. HP: 50/50 MP: 21/24
 10381 | D:7      | Noticed Duvessa
 10381 | D:7      | Noticed Dowan
 10389 | D:7      | Killed Dowan
 10389 | D:7      | Killed Duvessa
 11250 | D:8      | Found a staircase to the Lair.
 11404 | D:8      | Reached ***** piety under Vehumet
 11404 | D:8      | Offered knowledge of Flame Wave by Vehumet.
 11413 | D:8      | Learned a level 4 spell: Flame Wave
 12315 | Lair:1   | Entered Level 1 of the Lair of Beasts
 12321 | Lair:1   | Gained mutation: You have a beak for a mouth. [potion of
                  | mutation]
 12322 | Lair:1   | Lost mutation: You have a beak for a mouth. [potion of
                  | mutation]
 12322 | Lair:1   | Gained mutation: You are partially covered in large bone
                  | plates. (SH +4) [potion of mutation]
 12322 | Lair:1   | Gained mutation: You do not regenerate when monsters are
                  | visible. [potion of mutation]
 12322 | Lair:1   | Gained mutation: You are dopey. (Int -2) [potion of
                  | mutation]
 12323 | Lair:1   | Lost mutation: You are partially covered in large bone
                  | plates. (SH +4) [potion of mutation]
 12323 | Lair:1   | Lost mutation: You do not regenerate when monsters are
                  | visible. [potion of mutation]
 12323 | Lair:1   | Lost mutation: You are dopey. (Int -2) [potion of mutation]
 12323 | Lair:1   | Gained mutation: You have hidden genetic potential. [potion
                  | of mutation]
 12323 | Lair:1   | Gained mutation: You are covered in fur. (AC +1) [potion of
                  | mutation]
 12323 | Lair:1   | Gained mutation: Your flesh is cold resistant. (rC+)
                  | [potion of mutation]
 12324 | Lair:1   | Lost mutation: Your flesh is cold resistant. (rC+) [potion
                  | of mutation]
 12324 | Lair:1   | Lost mutation: You have hidden genetic potential. [potion
                  | of mutation]
 12325 | Lair:1   | Lost mutation: You are covered in fur. (AC +1) [potion of
                  | mutation]
 12325 | Lair:1   | Gained mutation: Your spells are a little harder to cast,
                  | but a little more powerful. [potion of mutation]
 12325 | Lair:1   | Gained mutation: Your magical capacity is low. (-10% MP)
                  | [potion of mutation]
 12326 | Lair:1   | Lost mutation: Your spells are a little harder to cast, but
                  | a little more powerful. [potion of mutation]
 12326 | Lair:1   | Lost mutation: Your magical capacity is low. (-10% MP)
                  | [potion of mutation]
 12326 | Lair:1   | Gained mutation: You tend to lose your temper in combat.
                  | [potion of mutation]
 12326 | Lair:1   | Lost mutation: You tend to lose your temper in combat.
                  | [potion of mutation]
 12326 | Lair:1   | Gained mutation: Your body sometimes deteriorates upon
                  | taking damage. [potion of mutation]
 12326 | Lair:1   | Gained mutation: Your system is resistant to poisons.
                  | (rPois) [potion of mutation]
 12335 | Lair:1   | Reached skill level 11 in Conjurations
 12335 | Lair:1   | Reached skill level 1 in Transmutations
 12528 | Lair:1   | Noticed a cane toad
 12534 | Lair:1   | Killed a cane toad
 12535 | Lair:1   | Reached skill level 1 in Earth Magic
 12542 | Lair:1   | Noticed a cane toad
 12548 | Lair:1   | Killed a cane toad
 12553 | Lair:1   | Noticed a black mamba
 12562 | Lair:1   | Killed a black mamba
 13080 | Lair:1   | Noticed Urug
 13092 | Lair:1   | Killed Urug
 13093 | Lair:1   | Reached XP level 11. HP: 54/54 MP: 11/26
 13304 | Lair:1   | Reached skill level 10 in Spellcasting
 13952 | Lair:2   | Noticed a boulder beetle
 14130 | Lair:2   | Noticed a seven-headed hydra
 14137 | Lair:2   | Killed a seven-headed hydra
 14216 | Lair:2   | Reached skill level 5 in Ice Magic
 14346 | Lair:2   | Mangled by a boulder beetle

Illustrated notes

Levels and vault maps discovered:
D:1:      lightli_arrival_statue_moat, layout_basic,
          shapermc_ecumenical_altar_acropolis
D:2:      wad_lake_hut, layout_basic, hex_medium
D:3:      layout_basic, uniq_natasha
D:4:      layout_basic
D:5:      layout_layer_cave, enter_ossuary_5, minmay_chambers_of_fives,
          uniq_pikel
D:6:      layout_basic, lemuel_coloured_pillars_altar,
          minmay_temple_entry_antechambers, serial_shops, nicolae_diamond_shop,
          shop, grunt_decor_cap, uniq_blork_the_orc
D:7:      layout_rooms, enter_bailey_5, uniq_duvessa
D:8:      layout_basic, lair_entry_dummy
Lair:1:   layout_cave_pods, uniq_urug
Lair:2:   layout_regular_city, minmay_snake_entry_six_corridors,
          nzn_sisyphean_effort

Skill      XL: |  1  2  3  4  5  6  7  8  9 10 11 |
---------------+----------------------------------+-----
Stealth        | 3 4 5 |  5.0
Dodging        | 3 4 5 6 8 9 |  9.5
Spellcasting   | 4 5 6 7 8 9 10 | 10.4
Conjurations   | 5 6 7 8 10 11 | 11.6
Hexes          | 1 3 5 6 |  6.9
Evocations     | 1 2 3 |  3.0
Ice Magic      | 2 4 5 |  5.1
Air Magic      | 2 4 |  4.9
Transmutations | 2 3 |  3.9
Earth Magic    | 2 3 |  3.7

Action                   |  1- 3 |  4- 6 |  7- 9 | 10-12 || total
-------------------------+-------+-------+-------+-------++-------
Melee: Dagger            |     3 |    18 |     1 |       ||    22
       Unarmed           |     2 |       |       |       ||     2
       Punch             |       |     1 |       |       ||     1
 Cast: Magic Dart        |    93 |   102 |   131 |    65 ||   391
       Searing Ray       |       |    12 |    49 |    23 ||    84
       Fulminant Prism   |       |       |    20 |    76 ||    96
       Freezing Cloud    |       |       |     6 |     1 ||     7
       Frozen Ramparts   |       |       |       |     2 ||     2
Evoke: Wand              |       |       |       |     1 ||     1
  Use: Scroll            |       |     7 |     7 |     1 ||    15
       Potion            |       |       |     5 |     9 ||    14
Armor: Robe              |     1 |       |     8 |     3 ||    12
       Leather armour    |       |    11 |       |       ||    11
Dodge: Dodged            |     6 |    22 |    48 |    26 ||   102

Table legend: (Time is in decaauts)
 A = Elapsed time spent in this place.
 B = Non-inter-level travel time spent in this place.
 C = Inter-level travel time spent in this place.
 D = Time resting spent in this place.
 E = Time spent auto-exploring this place.
 F = Levels seen in this place.
 G = Mean time per level.
                   A        B        C        D        E       F      G
               +--------+--------+--------+--------+--------+-----+--------+
         Total |  14379 |  14022 |    357 |   1931 |   9804 |  12 | 1198.2 |
       Dungeon |   9917 |   9574 |    343 |    632 |   7544 |   8 | 1239.6 |
          Lair |   2028 |   2015 |     13 |      0 |   1708 |   2 | 1014.0 |
       Ossuary |   1668 |   1668 |      0 |   1054 |    232 |   1 | 1668.0 |
        Bailey |    764 |    764 |      0 |    245 |    320 |   1 |  764.0 |
               +--------+--------+--------+--------+--------+-----+--------+

Top non-repeatable levels by time:
 Ossuary: 1668 daAuts
     D:5: 1570 daAuts
     D:2: 1386 daAuts
     D:8: 1361 daAuts
     D:6: 1226 daAuts
     D:4: 1176 daAuts
  Lair:1: 1174 daAuts
     D:3: 1119 daAuts
     D:7: 1073 daAuts
     D:1: 1001 daAuts
  Lair:2: 853 daAuts
  Bailey: 764 daAuts
